 Dungeon Crawl Stone Soup version 0.31-a0-965-g8a8ce12e04 (webtiles) character file.

Game seed: 3642385269643424481

250 mopl the Insei (level 6, -3/30 HPs)
             Began as an Octopode Shapeshifter on Oct 26, 2023.
             Slain by an ice beast (13 damage)
             ... on level 3 of the Dungeon.
             The game lasted 00:02:45 (2764 turns).

mopl the Insei (Octopode Shapeshifter)              Turns: 2764, Time: 00:02:45

Health: -3/30      AC:  1    Str: 19    XL:     6   Next: 13%
Magic:  6/6        EV: 14    Int: 12    God:
Gold:   107        SH:  0    Dex: 14    Spells: 5/5 levels left

rFire   . .          .
                       - Unarmed
rCold   . . .        (shield currently unavailable)
rNeg    . . .        (helmet restricted)
rPois   .            (no amulet)
rElec   .            r - +6 ring of strength
rCorr   .            (no ring)
SInv    .            (no ring)
Will    .....        (no ring)
Stlth   +            (no ring)
HPRegen 0.25/turn    (no ring)
MPRegen 0.10/turn    (no ring)
                     (no ring)

%: no passive effects
@: flux-form, glowing
A: glow, contaminating, reduced hp, almost no armour, amphibious, 8 rings,
camouflage 1, gelatinous body 1, (nimble swimmer 1), tentacles
a: Begin Untransformation


You were on level 3 of the Dungeon.
You were something dangerously unstable.
You visited 1 branch of the dungeon, and saw 3 of its levels.

You collected 143 gold pieces.
You spent 36 gold pieces at shops.

Inventory:

Hand Weapons
 f - a +0 dagger of venom
Missiles
 j - 2 poisoned darts
 s - 2 throwing nets
Jewellery
 r - a +6 ring of strength (left tentacle)
Talismans
 b - a beast talisman
 c - a flux talisman (active)
Scrolls
 d - 2 scrolls of enchant armour {unknown}
 k - 2 scrolls of identify {unknown}
 l - 2 scrolls of fear {unknown}
 m - 2 scrolls of teleportation {unknown}
 o - a scroll of immolation {unknown}
Potions
 a - 3 potions of lignification {!q}
 e - 2 potions of enlightenment {unknown}
 g - 4 potions of curing
 h - a potion of heal wounds {unknown}
 i - a potion of invisibility {unknown}
 n - a potion of magic {unknown}
 p - 2 potions of might {unknown}
 q - a potion of cancellation {unknown}


   Skills:
 + Level 2.4 Fighting
 + Level 3.0 Dodging
 * Level 4.4 Unarmed Combat
 * Level 4.4 Shapeshifting


You had 5 spell levels left.
You didn't know any spells.
Your spell library contained the following spells:

 Spells                   Type           Power      Damage    Failure   Level
 Vhi's Electric Charge    Tloc/Air       0%         N/A       97%         4
 Arcjolt                  Conj/Air       0%         1d10      100%        5
 Plasma Beam              Fire/Air       0%         2x1d10    100%        6


Dungeon Overview and Level Annotations

Branches:
Dungeon (3/15)

Altars:

Shops:
D:2 !

Annotations:
D:3 1 runed translucent door, Crazy Yiuf


Innate Abilities, Weirdness & Mutations

You are something dangerously unstable.
You glow with magical radiation, making you easy to see and hit.
Foes you strike become dangerously contaminated with magical radiation.
Your maximum health is decreased, since you lack skill for your form.
You are incapable of wielding weapons or throwing items.
You cannot wear most types of armour.
You are amphibious.
You can wear up to eight rings at the same time.
Your skin changes colour to match your surroundings (Stealth+).
Your rubbery body absorbs attacks. (AC +1, EV +1)
((You are camouflaged when in or above water. (Stealth+)))
You have tentacles for arms and can constrict up to eight enemies at once.


Message History

The kobold shouts!
The kobold throws a stone.
The stone barely misses you.
The kobold throws a stone.
The stone closely misses you. The kobold closely misses you.
You tentacle-slap the kobold.
You kill the kobold!
No target in view!
No target in view!
No target in view!
No target in view!
No target in view!
Okay, then.
Unknown command.
Unknown command.
Unknown command.
Things that are here:
a +0 whip; 4 stones
Found a club.
You see here a +0 club.
Things that are here:
a +0 whip; 4 stones
There is a stone staircase leading down here.
There is an open door here.
An ice beast comes into view.
Okay, then.
There is an open door here.
You close the door.
You begin transforming.
You continue transforming. x3
Your transformation has ended.
You turn into something dangerously unstable.
You open the door. You tentacle-slap the ice beast.
The ice beast begins to glow.
The ice beast is lightly wounded.
The ice beast hits you. The ice beast freezes you!
You are too injured to fight recklessly!
You are too injured to fight recklessly!
You barely miss the ice beast.
The ice beast is lightly wounded.
The ice beast hits you. The ice beast freezes you!
You die...

#.........#.#..#.# #.######.##
#.........#.#..#.######..........
............#..#.................
.)..)............#############.##
#.#.......######.......#### #.#
#(.............'..........# #.#
################..........# #.#
.# ########.......#######.# .#
#......Yp..............# ##
#.######.......######### ## #.#
#.......# .## #.# #.......######
..# #.# ######......... ..# #$#
########## .## #.# ## #.. ###


You could see an ice beast (contam).

Vanquished Creatures
  A phantom (D:2)
  An orc wizard (D:3)
  4 gnolls (D:2)
  3 adders
  A worm (D:3)
  5 dart slugs
  7 orcs (D:3)
  3 ball pythons
  6 bats
  5 endoplasms
  2 giant cockroaches
  5 hobgoblins (D:1)
  8 kobolds
  2 quokkas
  2 frilled lizards (D:1)
  7 goblins
  6 rats
68 creatures vanquished.

Notes
Turn   | Place    | Note
-------+----------+-------------------------------------------
     0 | D:1      | mopl the Octopode Shapeshifter began the quest for the Orb.
     0 | D:1      | Reached XP level 1. HP: 13/13 MP: 1/1
   113 | D:1      | Reached XP level 2. HP: 12/18 MP: 2/2
   332 | D:1      | Found a faded altar of an unknown god.
   437 | D:1      | Reached XP level 3. HP: 20/23 MP: 3/3
   965 | D:2      | Noticed a phantom
   980 | D:2      | Killed a phantom
   981 | D:2      | Reached skill level 4 in Unarmed Combat
   981 | D:2      | Reached XP level 4. HP: 5/29 MP: 4/4
  1101 | D:2      | Found Nivviy Feac's Distillery.
  1111 | D:2      | Bought a potion of curing for 36 gold pieces
  1139 | D:2      | Reached skill level 2 in Fighting
  1139 | D:2      | Reached XP level 5. HP: 34/34 MP: 5/5
  1146 | D:2      | Reached skill level 4 in Shapeshifting
  2146 | D:3      | Found a runed translucent door.
  2148 | D:3      | Noticed Crazy Yiuf
  2266 | D:3      | Reached skill level 3 in Dodging
  2266 | D:3      | Reached XP level 6. HP: 31/39 MP: 6/6
  2525 | D:3      | Identified the +1 leather armour of the Distant Future
                  | {rPois rN+ Str+3 Dex-3}
  2743 | D:3      | Noticed an ice beast
  2764 | D:3      | Slain by an ice beast

Illustrated notes

Levels and vault maps discovered:
D:1:      scummos_arrival_gate, layout_basic,
          hellmonk_ecumenical_altar_arch_garden, serial_rivers,
          chequers_serial_rivers_micro_a, chequers_serial_rivers_micro_d,
          chequers_serial_rivers_large_a, chequers_serial_rivers_micro_c,
          chequers_serial_rivers_micro_b, chequers_serial_rivers_micro_c,
          minmay_pentomino_z4
D:2:      layout_loops_ring, serial_shops, shop
D:3:      minmay_bubble_buster, layout_basic, uniq_crazy_yiuf_cottage

Skill      XL: |  1  2  3  4  5 |
---------------+----------------+-----
Unarmed Combat | 4 |  4.4
Fighting       | 2 |  2.4
Shapeshifting  | 4 |  4.4
Dodging        | 3 |  3.0

Action                     |  1- 3 |  4- 6 || total
---------------------------+-------+-------++-------
  Melee: Unarmed           |    56 |    77 ||   133
         Constrict         |    10 |    22 ||    32
         Tentacles         |     3 |    15 ||    18
         Punch             |     1 |     3 ||     4
   Stab: Sleeping          |     9 |     5 ||    14
         Distracted        |       |     1 ||     1
 Armour: Skin              |    26 |    30 ||    56
  Dodge: Dodged            |    19 |    39 ||    58
   Form: Flux              |       |     1 ||     1

Table legend: (Time is in decaauts)
 A = Elapsed time spent in this place.
 B = Non-inter-level travel time spent in this place.
 C = Inter-level travel time spent in this place.
 D = Time resting spent in this place.
 E = Time spent auto-exploring this place.
 F = Levels seen in this place.
 G = Mean time per level.
                   A        B        C        D        E       F      G
               +--------+--------+--------+--------+--------+-----+--------+
         Total |   2753 |   2716 |     37 |    245 |   2021 |   3 |  917.7 |
       Dungeon |   2753 |   2716 |     37 |    245 |   2021 |   3 |  917.7 |
               +--------+--------+--------+--------+--------+-----+--------+

Top non-repeatable levels by time:
     D:3: 1026 daAuts
     D:1: 962 daAuts
     D:2: 764 daAuts
